 Dungeon Crawl Stone Soup version 0.29.1-15-g9cfb28693d (webtiles) character file.

Game seed: 10184557766794970759

4480 McKennaii the Frost Mage (level 9, -4/41 (62) HPs)
             Began as a Demigod Ice Elementalist on Feb 25, 2023.
             Slain by a wight
             ... wielding a +0 scimitar
              (8 damage)
             ... on level 7 of the Dungeon.
             The game lasted 00:15:45 (11631 turns).

McKennaii the Frost Mage (DgIE)                    Turns: 11631, Time: 00:15:46

HP:   -4/41 (62)    AC: 14    Str:  9    XL:     9   Next: 94%
MP:   20/24         EV: 11    Int: 29    God:
Gold: 375           SH:  0    Dex: 14    Spells: 12/23 levels left

rFire   + + .      SeeInvis .   D - +5 trident (holy)
rCold   . . .      Faith    .   (no shield)
rNeg    . . .      Spirit   .   r - +1 leather armour {rF+}
rPois   .          Reflect  .   o - +0 helmet
rElec   .          Harm     .   K - +0 cloak
rCorr   .          Rampage  .   (no gloves)
Will    +....                   q - +0 pair of boots
Stlth   ++........              (no amulet)
HPRegen 0.13/turn               v - ring of willpower
MPRegen 0.19/turn               B - ring of protection from fire

@: ice-armoured, very heavily drained
A: high MP 1, forlorn, divine attributes
a: no special abilities


You were on level 7 of the Dungeon.
You visited 1 branch of the dungeon, and saw 7 of its levels.
You also visited: Sewer.

You collected 457 gold pieces.
You spent 82 gold pieces at shops.

Inventory:

Hand Weapons
 D - a +5 trident of holy wrath (weapon)
Missiles
 z - a throwing net
Armour
 o - a +0 helmet (worn)
 q - a +0 pair of boots (worn)
 r - a +1 leather armour of fire resistance (worn)
 K - a +0 cloak (worn)
Magical Staves
 c - a staff of earth
 u - a staff of conjuration
Jewellery
 v - a ring of willpower (left hand)
 B - a ring of protection from fire (right hand)
 E - a +6 ring of strength
Wands
 a - a wand of roots (11)
 F - a wand of charming (28)
 M - a wand of mindburst (2)
 N - a wand of polymorph (11)
Scrolls
 d - a scroll of magic mapping {unknown}
 f - 3 scrolls of poison {unknown}
 g - a scroll of torment {unknown}
 j - a scroll of teleportation {unknown}
 l - a scroll of amnesia {unknown}
 n - a scroll of blinking
 y - 3 scrolls of fear {unknown}
 A - a scroll of fog {unknown}
 C - a scroll of noise {unknown}
 H - a scroll of brand weapon {unknown}
 I - 2 scrolls of identify {unknown}
 L - a scroll of enchant armour {unknown}
 O - a scroll of vulnerability {unknown}
Potions
 b - a potion of magic
 e - 2 potions of curing {unknown}
 h - 3 potions of heal wounds
 i - 3 potions of mutation {unknown}
 k - a potion of berserk rage {unknown}
 m - a potion of resistance {unknown}
 p - 2 potions of brilliance {unknown}
 s - 2 potions of haste {unknown}
 t - a potion of might {unknown}
 w - 2 potions of invisibility {unknown}
 x - 2 potions of ambrosia {unknown}
 G - a potion of flight {unknown}
 J - a potion of degeneration {unknown}


   Skills:
 - Level 1.8 Dodging
 - Level 1.8 Stealth
 + Level 7.7 Spellcasting
 + Level 7.0 Conjurations
 + Level 9.0 Ice Magic


You had 12 spell levels left.
You knew the following spells:

 Your Spells              Type           Power      Damage    Failure   Level
a - Freeze                Ice            100%       1d11      1%          1
b - Frozen Ramparts       Ice            100%       1d16      1%          3
c - Ozocubu's Armour      Ice            59%        N/A       1%          3
d - Hailstorm             Conj/Ice       55%        3d12      2%          4

Your spell library contained the following spells:

 Spells                   Type           Power      Damage    Failure   Level
 Summon Small Mammal      Summ           44%        N/A       7%          1
 Call Canine Familiar     Summ           11%        N/A       21%         3
 Gell's Gravitas          Tloc           11%        N/A       21%         3
 Summon Guardian Golem    Hex/Summ       11%        N/A       21%         3
 Teleport Other           Tloc           11%        N/A       21%         3
 Summon Lightning Spire   Summ/Air       11%        N/A       54%         4
 Dispersal                Tloc           5%         N/A       100%        6
 Storm Form               Tmut/Air       5%         N/A       100%        7
 Maxwell's Capacitive Co  Air            5%         ∞         100%        8


Dungeon Overview and Level Annotations

Branches:
Dungeon (7/15)             Temple (0/1) D:4           Sewer (visited)

Shops:
D:5 ?


Innate Abilities, Weirdness & Mutations

You have an increased reservoir of magic. (+10% MP)
You shall have no god before yourself.
Your divine heritage dramatically boosts your attributes as you level up.


Message History

You hit the wight.
You destroy the wight!
The wight resists.
The wall freezes the wight.
The wight hits you with a +0 scimitar.
The wight resists.
The wall freezes the wight.
Unknown command.
You closely miss the wight.
The wight is heavily damaged.
The wight completely resists.
The wall freezes the wight but does no damage. x2
Unknown command.
You hit the wight.
The wight convulses.
The wight is severely damaged.
The wight resists.
The wall freezes the wight.
The wight hits you with a +0 scimitar.
The wight resists.
The wall freezes the wight.
The wight closely misses you.
The wall freezes the wight but does no damage.
The wight barely misses you.
The wight resists.
The wall freezes the wight.
The wight hits you but does no damage.
You closely miss the wight.
The wight is almost destroyed.
The wight completely resists.
The wall freezes the wight but does no damage.
The wight closely misses you.
The wight completely resists.
The wall freezes the wight but does no damage.
The wight hits you with a +0 scimitar.
You barely miss the wight.
The wight is almost destroyed.
The wight completely resists.
The wall freezes the wight but does no damage.
The wight hits you but does no damage.
The wight resists.
The wall freezes the wight.
The wight hits you with a +0 battleaxe!
You feel drained.
You hit the wight but do no damage.
The wight is almost destroyed.
The frozen ramparts melt away.
The wight closely misses you. The wight hits you with a +0 battleaxe!
* * * LOW HITPOINT WARNING * * *
You feel drained. The wight hits you with a +0 scimitar!
You die...

#### ### #... ..# #... #
#.# ##... #. #.#
########.... ####.###.#
#.....##.... #....z@#.#
#.###.##....
#...##z#.###.# #.##....
#.. #.#...#.###.......
#.#.###.#.....#.........
.......)....###+########
#########...#......# #
..# #...#......#
.#######.# #####......#
. ... ....# #......###.#
#


You could see 2 wights.

Vanquished Creatures
  A boulder beetle (D:7)
  A two-headed ogre (D:5)
  A troll (D:5)
  A vampire mosquito (D:7)
  A steam dragon (D:7)
  Menkaure (D:5)
  A water moccasin (D:7)
  An orc warrior (D:7)
  An ice beast (D:6)
  2 black bears
  A sky beast (D:7)
  2 ogres
  A phantom (D:5)
  7 bullfrogs
  2 necrophages
  A gnoll sergeant (D:5)
  3 scorpions
  5 wights (D:7)
  An electric eel (D:6)
  A howler monkey (D:7)
  4 hounds (D:5)
  2 jellies
  An orc priest (D:3)
  4 iguanas
  A scorpion zombie (D:3)
  2 orc wizards
  A statue (D:6)
  A gnoll (D:5)
  12 adders
  A shadow imp (D:7)
  2 white imps (D:7)
  3 ufetubi (D:5)
  An adder zombie (D:3)
  2 worms (D:3)
  4 dart slugs
  23 orcs
  23 endoplasms
  9 giant cockroaches
  5 goblins
  7 hobgoblins
  3 jackals (D:2)
  7 kobolds
  13 quokkas
  18 ball pythons
  7 bats
  11 frilled lizards
  A giant cockroach zombie (D:3)
  5 rats
208 creatures vanquished.

Notes
Turn   | Place    | Note
-------+----------+-------------------------------------------
     0 | D:1      | McKennaii the Demigod Ice Elementalist began the quest for
                  | the Orb.
     0 | D:1      | Reached XP level 1. HP: 14/14 MP: 5/5
   455 | D:1      | Reached XP level 2. HP: 18/20 MP: 5/7
   705 | D:1      | Reached skill level 4 in Ice Magic
  1139 | D:2      | Reached XP level 3. HP: 23/26 MP: 5/9
  2498 | D:3      | Reached XP level 4. HP: 19/33 MP: 8/11
  2590 | D:3      | Found a glowing drain.
  2619 | Sewer    | Entered a sewer
  3140 | Sewer    | Noticed a bullfrog
  3161 | Sewer    | Killed a bullfrog
  3162 | Sewer    | Reached skill level 5 in Ice Magic
  3162 | Sewer    | Reached XP level 5. HP: 27/38 MP: 4/13
  3527 | D:3      | Learned a level 3 spell: Frozen Ramparts
  3531 | D:3      | Learned a level 3 spell: Ozocubu's Armour
  3536 | D:3      | Learned a level 4 spell: Hailstorm
  3767 | D:3      | Reached XP level 6. HP: 29/45 MP: 5/15
  4351 | D:3      | Reached skill level 1 in Conjurations
  5535 | D:4      | Reached skill level 6 in Ice Magic
  5535 | D:4      | Reached XP level 7. HP: 50/50 MP: 8/17
  5683 | D:4      | Found a staircase to the Ecumenical Temple.
  6134 | D:5      | Entered Level 5 of the Dungeon
  6366 | D:5      | Found Araixt Gousch's Magic Scroll Emporium.
  6378 | D:5      | Bought a scroll of blinking for 82 gold pieces
  6716 | D:5      | Reached skill level 5 in Spellcasting
  7227 | D:5      | Noticed Menkaure
  7595 | D:5      | Killed Menkaure
  7596 | D:5      | Reached XP level 8. HP: 31/57 MP: 9/19
  7596 | D:5      | Noticed a two-headed ogre
  7623 | D:5      | Noticed a troll
  7972 | D:5      | Reached skill level 7 in Ice Magic
  8052 | D:5      | Killed a troll
  8703 | D:6      | HP: 2/57 [electric eel/bolt of electricity (4)]
  9204 | D:6      | Reached skill level 5 in Conjurations
  9737 | D:5      | Killed a two-headed ogre
  9738 | D:5      | Reached skill level 8 in Ice Magic
  9738 | D:5      | Reached XP level 9. HP: 44/62 MP: 5/23
 10633 | D:7      | Noticed a boulder beetle
 10648 | D:7      | Killed a boulder beetle
 10743 | D:7      | Reached skill level 9 in Ice Magic
 10803 | D:7      | Noticed a purple ugly thing
 11631 | D:7      | Slain by a wight

Illustrated notes

Levels and vault maps discovered:
D:1:      matt_arrival_grand_opening, layout_loops_ring, minmay_pentomino_p2
D:2:      layout_basic
D:3:      layout_rooms, nicolae_ru_great_annihilating_truth,
          nicolae_yredelemnul_corpse_copse, cheibrodos_sewer_entry_drain,
          serial_curves, eino_curves_01, eino_curves_01, basic_ecumenical_altar,
          corexii_leaking_fountain, minmay_misc_feat_five, grunt_ministairs_1,
          hangedman_decor_points, minmay_hedge_maze
D:4:      layout_gridville, minmay_temple_entry_fiery, grunt_ministairs_2
D:5:      kennysheep_windowed_halls, layout_loops_corners, lemuel_tele_altar,
          serial_shops, shop_fountains, uniq_menkaure
D:6:      layout_rooms, nicolae_overflow_squiral, mainiacjoe_overflow_alcove_2,
          vehumet_statue, kennysheep_mini_moat, nicolae_overflow_crystal_walls
D:7:      minmay_the_grid_octo_triangle [minmay_the_grid_octo_pinwheel,
          minmay_the_grid_octo_prize_star, minmay_the_grid_octo_clover],
          layout_basic, ebering_ghost_disaster_area, minmay_chambers_of_fives

Skill      XL: |  1  2  3  4  5  6  7  8  9 |
---------------+----------------------------+-----
Spellcasting   | 2 3 4 5 6 7 |  7.7
Ice Magic      | 4 5 6 8 9 |  9.0
Conjurations   | 2 3 5 7 |  7.0
Dodging        | |  1.8
Stealth        | |  1.8

Action                   |  1- 3 |  4- 6 |  7- 9 || total
-------------------------+-------+-------+-------++-------
Melee: Unarmed           |     1 |    69 |       ||    70
       Punch             |       |     3 |     1 ||     4
       Staff             |       |       |    26 ||    26
       Trident           |       |       |   140 ||   140
 Cast: Freeze            |    86 |   159 |    41 ||   286
       Frozen Ramparts   |       |     7 |    32 ||    39
       Ozocubu's Armour  |       |     3 |    18 ||    21
       Hailstorm         |       |       |     9 ||     9
  Use: Scroll            |       |       |     1 ||     1
       Potion            |       |       |     2 ||     2
 Stab: Sleeping          |       |       |     1 ||     1
       Distracted        |       |       |     1 ||     1
Armor: Robe              |    10 |    14 |       ||    24
       Leather armour    |       |    58 |    56 ||   114
Dodge: Dodged            |    44 |   104 |   124 ||   272
